 Dungeon Crawl Stone Soup version 0.31-b1-22-gc680215f68 (webtiles) character file.

Game seed: 733457953922346135

1 PaiMei the Grave Robber (level 1, -3/13 HPs)
             Began as a Demonspawn Necromancer on Jan 18, 2024.
             Slain by a gnoll
             ... wielding a +0 club
              (6 damage)
             ... on level 1 of the Dungeon.
             The game lasted 00:00:10 (35 turns).

PaiMei the Grave Robber (Demonspawn Necromancer)      Turns: 35, Time: 00:00:11

Health: -3/13      AC:  2    Str:  8    XL:     1   Next: 16%
Magic:  0/3        EV: 12    Int: 15    God:
Gold:   0          SH:  0    Dex: 13    Spells: 3/4 levels left

rFire   . . .        (no weapon)
rCold   . . .        (no shield)
rNeg    . . .        a - +0 robe
rPois   .            (no helmet)
rElec   .            (no cloak)
rCorr   .            (no gloves)
SInv    .            (no boots)
Will    .....        (no amulet)
Stlth   ++           (no ring)
HPRegen 0.22/turn    (no ring)
MPRegen 0.08/turn

%: no passive effects
@: no status effects
A: no striking features
a: no special abilities


You were on level 1 of the Dungeon.
You visited 1 branch of the dungeon, and saw 1 of its levels.

Inventory:

Armour
 a - a +0 robe (worn)
Potions
 b - a potion of magic


   Skills:
 + Level 1.8 Dodging
 + Level 1.8 Stealth
 + Level 2.0 Spellcasting
 + Level 4.4 Necromancy


You had 3 spell levels left.
You knew the following spells:

 Your Spells              Type           Power      Damage    Failure   Level
a - Necrotise             Necr           56%        1d6       3%          1

Your spell library contained the following spells:

 Spells                   Type           Power      Damage    Failure   Level
 Vampiric Draining        Necr           14%        2d7       11%         3
 Animate Dead             Necr           14%        N/A       36%         4
 Curse of Agony           Necr           14%        N/A       71%         5


Dungeon Overview and Level Annotations

Branches:
Dungeon (1/15)

Altars:


Message History

You don't have enough magic to cast this spell.
Your bat skeleton hits the gnoll but does no damage. x2
The gnoll closely misses you.
The giant cockroach bites your bat skeleton.
Your bat skeleton barely misses the giant cockroach.
The endoplasm attacks as it pursues you!
The endoplasm misses you.
The rat closely misses your bat skeleton.
Casting: Necrotise (safe; 3% risk of failure)
Confirm with . or Enter, or press ? or * to list all spells.
You don't have enough magic to cast this spell.
You hit the endoplasm but do no damage.
Your bat skeleton closely misses the giant cockroach. x2
The gnoll misses you.
The giant cockroach barely misses your bat skeleton.
Your bat skeleton barely misses the giant cockroach.
The endoplasm hits you. The rat bites your bat skeleton.
Casting: Necrotise (safe; 3% risk of failure)
Confirm with . or Enter, or press ? or * to list all spells.
You don't have enough magic to cast this spell.
Your bat skeleton closely misses the rat.
Your bat skeleton hits the rat.
The giant cockroach barely misses your bat skeleton.
The endoplasm freezes you.
You are frozen.
* * * LOW HITPOINT WARNING * * *
Casting: Necrotise (safe; 3% risk of failure)
Confirm with . or Enter, or press ? or * to list all spells.
Aiming: Necrotise (safe; 3% risk of failure)
Press: ? - help, Shift-Dir - straight line, f - gnoll
Aim: a gnoll, wielding a +0 club (moderately wounded, chance to affect: 78%)
The gnoll writhes in agony.
Your bat skeleton barely misses the rat.
The gnoll closely misses you.
Your bat skeleton hits the rat.
The endoplasm hits you but does no damage.
Your bat skeleton hits the endoplasm. x2
The giant cockroach barely misses your bat skeleton.
Your bat skeleton hits the endoplasm.
The rat bites you but does no damage. The gnoll hits you with a +0 club.
You die...

.. ## . .. #B#.
.#. ##########
g. #.$...@g.#
#.
#.....rJB#####
#.##
#.......Z....##
#...
#........###..#
###. #........#
##.## ##..
##########
#..#####..#
##...<..B##
##..>.....
##..#####


You could see a gnoll, an endoplasm, a giant cockroach, a rat (ally target) and
a friendly bat skeleton.

Vanquished Creatures
  A bat (D:1)
1 creature vanquished.

Notes
Turn   | Place    | Note
-------+----------+-------------------------------------------
     0 | D:1      | PaiMei the Demonspawn Necromancer began the quest for the
                  | Orb.
     0 | D:1      | Reached XP level 1. HP: 13/13 MP: 3/3
    35 | D:1      | Slain by a gnoll

Illustrated notes

Levels and vault maps discovered:
D:1:      dpeg_arrival_tiny_a, layout_rooms, minmay_pentomino_o2

Action                     || total
---------------------------++-------
  Melee: Unarmed           ||     3
   Cast: Necrotise         ||     5
 Armour: Robe              ||    13
  Dodge: Dodged            ||    14
